 Dungeon Crawl Stone Soup version 0.28-b1-25-g9875b3fc8c (webtiles) character file.

Game seed: 12835373077311702115

452 cayde69 the Fighter (level 6, 0/62 HPs)
             Began as a Minotaur Fighter on Feb 2, 2022.
             Slain by a killer bee (2 damage)
             ... on level 5 of the Dungeon.
             The game lasted 00:06:12 (4591 turns).

cayde69 the Fighter (Minotaur Fighter)              Turns: 4591, Time: 00:06:12

Health: 0/62       AC: 12    Str: 22    XL:     6   Next: 75%
Magic:  5/5        EV:  6    Int:  5    God:
Gold:   178        SH:  4    Dex: 10    Spells: 5/5 levels left

rFire   + . .      SeeInvis .   a - +0 long sword
rCold   . . .      Faith    .   c - +0 buckler
rNeg    . . .      Spirit   .   o - +0 plate armour
rPois   .          Reflect  .   (helmet restricted)
rElec   .          Harm     .   p - +0 cloak
rCorr   .          Rampage  .   (no gloves)
Will    .....                   (no boots)
Stlth   ..........              (no amulet)
HPRegen 0.20/turn               k - ring of protection from fire
MPRegen 0.09/turn               (no ring)

@: lethally poisoned (0 -> -2)
A: horns 2, retaliatory headbutt
a: no special abilities


You were on level 5 of the Dungeon.
You visited 1 branch of the dungeon, and saw 5 of its levels.

You collected 178 gold pieces.

Inventory:

Hand Weapons
 a - a +0 long sword (weapon)
 b - a +2 dagger of speed
Armour
 c - a +0 buckler (worn)
 o - a +0 plate armour (worn)
 p - a +0 cloak (worn)
Jewellery
 k - a ring of protection from fire (left hand)
Wands
 r - a wand of digging (6)
 w - a wand of flame (20)
Scrolls
 d - 2 scrolls of blinking {unknown}
 f - 2 scrolls of noise {unknown}
 g - a scroll of fear {unknown}
 i - a scroll of fog {unknown}
 l - 3 scrolls of teleportation
 n - 2 scrolls of immolation {unknown}
 s - a scroll of summoning {unknown}
 t - a scroll of enchant weapon {unknown}
 v - a scroll of identify {unknown}
Potions
 e - 2 potions of curing {unknown}
 h - 2 potions of lignification {unknown}
 j - 2 potions of heal wounds
 m - 3 potions of cancellation {unknown}
 q - a potion of degeneration {unknown}
 u - a potion of berserk rage {unknown}


   Skills:
 + Level 8.5 Fighting
 - Level 3.0 Long Blades
 - Level 3.9 Armour
 + Level 1.1 Stealth
 - Level 4.1 Shields


You had 5 spell levels left.
You didn't know any spells.
Your spell library contained the following spells:

 Spells                   Type           Power      Damage    Failure   Level
 Corpse Rot               Necr/Air       0%         N/A       100%        2
 Poisonous Vapours        Pois/Air       0%         N/A       100%        2


Dungeon Overview and Level Annotations

Branches:
Dungeon (5/15)
 Temple: D:4-7

Altars:

Shops:
D:4 *


Innate Abilities, Weirdness & Mutations

You have a pair of horns on your head.
You reflexively headbutt those who attack you in melee.


Message History

You are too injured to fight recklessly!
You barely miss the killer bee.
The killer bee is almost dead.
You feel very sick.
The killer bee stings you but does no damage.
You block the killer bee's attack. The killer bee barely misses you.
You miss the killer bee.
The killer bee is almost dead.
You feel very sick. The killer bee stings you.
You are more poisoned.
The killer bee poisons you! You block the killer bee's attack.
The killer bee stings you.
You hit the killer bee.
The killer bee is almost dead.
You feel very sick.
The killer bee stings you but does no damage. x2
You miss the killer bee.
The killer bee is almost dead.
You feel very sick. The killer bee closely misses you.
The killer bee stings you.
* * * LOW HITPOINT WARNING * * *
The killer bee stings you.
* * * LOW HITPOINT WARNING * * *
* * * LOW HITPOINT WARNING * * *
You feel sick. You block the killer bee's attack.
* * * LOW HITPOINT WARNING * * *
You feel sick.
* * * LOW HITPOINT WARNING * * *
You feel sick.
The killer bee stings you but does no damage.
* * * LOW HITPOINT WARNING * * *
You feel sick.
The killer bee stings you but does no damage.
* * * LOW HITPOINT WARNING * * *
You feel sick.
The killer bee stings you but does no damage.
* * * LOW HITPOINT WARNING * * *
You feel sick. The killer bee stings you.
You die...

#.# #.# #.# #.
#.######
##.....#.##......#
...##.#..#.####.#
####..##.##.#y# #.# #
#........##.#y# #.#
#.#........##.y@# #.#
#..........##...####.#
#........##...)....#
#...<..).##..>######
########.####.#
.............#
.######......#
#######...#
#........##


You could see 3 killer bees.

Vanquished Creatures
  Blork the orc (D:5)
  A centaur zombie (D:4)
  An iguana (D:4)
  Ijyb (D:3)
  2 orc wizards (D:3)
  Robin (D:4)
  11 adders
  A worm (D:4)
  2 dart slugs (D:2)
  14 orcs
  5 ball pythons
  5 bats
  7 endoplasms
  5 giant cockroaches
  17 goblins
  9 hobgoblins
  8 jackals
  5 quokkas
  4 frilled lizards
  12 kobolds
  5 rats
117 creatures vanquished.

Notes
Turn   | Place    | Note
-------+----------+-------------------------------------------
     0 | D:1      | cayde69 the Minotaur Fighter began the quest for the Orb.
     0 | D:1      | Reached XP level 1. HP: 19/19 MP: 0/0
   176 | D:1      | Reached XP level 2. HP: 27/27 MP: 1/1
   465 | D:1      | Reached skill level 4 in Fighting
  1134 | D:2      | Reached XP level 3. HP: 33/33 MP: 2/2
  1543 | D:2      | Reached skill level 5 in Fighting
  1571 | D:2      | Reached XP level 4. HP: 37/42 MP: 3/3
  2271 | D:3      | Reached skill level 6 in Fighting
  2283 | D:3      | Reached XP level 5. HP: 39/50 MP: 4/4
  2328 | D:3      | Noticed Ijyb
  2338 | D:3      | Killed Ijyb
  2411 | D:3      | Reached skill level 7 in Fighting
  3541 | D:4      | Identified the +2 helmet of Modesty {rElec}
  3541 | D:4      | Noticed Robin
  3556 | D:4      | Reached XP level 6. HP: 6/60 MP: 5/5
  3556 | D:4      | HP: 1/60 [goblin[Robin] (5)]
  4035 | D:4      | Found Zonnerch's Assorted Antiques.
  4125 | D:4      | Killed Robin
  4126 | D:4      | Reached skill level 1 in Stealth
  4319 | D:4      | Reached skill level 8 in Fighting
  4440 | D:5      | Entered Level 5 of the Dungeon
  4440 | D:5      | Noticed Blork the orc
  4446 | D:5      | Killed Blork the orc
  4590 | D:5      | HP: 3/62 [poisoned by a killer bee]
  4591 | D:5      | Slain by a killer bee

Illustrated notes

Levels and vault maps discovered:
D:1:      evilmike_arrival_fibonacci_small, layout_basic,
          hangedman_decor_growths
D:2:      layout_loops_ring, kennysheep_generic_room_2
D:3:      layout_loops_ring, minmay_goblin_kobold_house, uniq_ijyb
D:4:      layout_loops_ring, serial_shops, nicolae_inconvenience_store,
          st_stairs_11, grunt_ministairs_7,
          hangedman_abyss_or_decor_jellyfish_corner, chequers_avenue, uniq_robin
D:5:      minmay_chambers_of_threes, layout_basic, nicolae_overflow_squiral,
          kennysheep_crisscross, uniq_blork_the_orc, uniq_grinder

Skill      XL: |  1  2  3  4  5  6 |
---------------+-------------------+-----
Shields        | 4 |  4.1
Fighting       | 4 5 6 7 8 |  8.5
Long Blades    | 3 |  3.0
Stealth        | 1 |  1.1
Armour         | |  3.9

Action                   |  1- 3 |  4- 6 || total
-------------------------+-------+-------++-------
Melee: Long sword        |    84 |   191 ||   275
       Headbutt          |    13 |    20 ||    33
  Use: Scroll            |       |     1 ||     1
       Potion            |       |     1 ||     1
Armor: Scale mail        |    53 |     1 ||    54
       Plate armour      |       |   149 ||   149
Dodge: Dodged            |    35 |    71 ||   106
Block: Buckler           |    18 |    42 ||    60
